| TOP OF THE 1ST |
|
Texas Rangers batting - Pitching for Houston Astros : LHP Brian Thomas
|
|
Pitching: LHP Brian Thomas
|
|
|
Batting: LHB Sean Geisler
|
0-0: Foul Ball, location: 2F 0-1: Ball 1-1: Ball 2-1: Ball 3-1: Foul Ball, location: 2F 3-2: Strikes out swinging
|
|
Batting: RHB Marc Peckermark
|
0-0: Ground out 5-3 (Groundball, 56, EV 84.4 MPH)
|
|
Batting: RHB Imbart Faber
|
0-0: Ball 1-0: Called Strike 1-1: Foul Ball, location: 2F 1-2: Ball 2-2: Ball 3-2: Foul Ball, location: 2F 3-2: Strikes out swinging
|
| Top of the 1st over - 0 runs, 0 hits, 0 errors, 0 left on base; Texas 0 - Houston 0 |
| BOTTOM OF THE 1ST |
|
Houston Astros batting - Pitching for Texas Rangers : RHP Franz Holzknecht
|
|
Pitching: RHP Franz Holzknecht
|
|
|
Batting: LHB Josh Corkery
|
0-0: Swinging Strike 0-1: Called Strike 0-2: SINGLE (Groundball, 13S, EV 70.6 MPH) (infield hit)
|
|
Batting: LHB Eric Katz
|
0-0: Ball 1-0: Fly out, F8 (Flyball, 8RD, EV 101.9 MPH)
|
|
Batting: LHB Jack Christie
|
0-0: Called Strike 0-1: Ball 1-1: Foul Ball, location: 2F 1-2: Strikes out looking
|
|
Batting: LHB Bryce Hill
|
0-0: Called Strike Josh Corkery steals 2nd base 0-1: Ball 1-1: Called Strike 1-2: Fly out, F7 (Flyball, 78S, EV 86.2 MPH)
|
| Bottom of the 1st over - 0 runs, 1 hit, 0 errors, 1 left on base; Texas 0 - Houston 0 |
| TOP OF THE 2ND |
|
Texas Rangers batting - Pitching for Houston Astros : LHP Brian Thomas
|
|
Batting: RHB Zhao-ji Chi
|
0-0: Foul Ball, location: 2F 0-1: Ball 1-1: SOLO HOME RUN (Flyball, 78XD, EV 110.6 MPH), Distance : 438 ft
|
|
Batting: RHB Masashi Yukizawa
|
0-0: Ball 1-0: Ground out 1-3 (Groundball, 15, EV 75.0 MPH)
|
|
Batting: SHB Rich Chavez
|
0-0: Ball 1-0: Called Strike 1-1: Ball 2-1: Fly out, F9 (Flyball, 9S, EV 82.5 MPH)
|
|
Batting: LHB Jake Rheaume
|
0-0: Called Strike 0-1: Swinging Strike 0-2: Foul Ball, location: 2F 0-2: Ball 1-2: Ball 2-2: Strikes out swinging
|
| Top of the 2nd over - 1 run, 1 hit, 0 errors, 0 left on base; Texas 1 - Houston 0 |
| BOTTOM OF THE 2ND |
|
Houston Astros batting - Pitching for Texas Rangers : RHP Franz Holzknecht
|
|
Batting: LHB Mark Dearth
|
0-0: Ball 1-0: Called Strike 1-1: Called Strike 1-2: Ball 2-2: Strikes out looking
|
|
Batting: RHB Eric Chotkowski
|
0-0: Ball 1-0: Called Strike 1-1: Ball 2-1: Ball 3-1: Foul Ball, location: 2F 3-2: Base on Balls
|
|
Batting: RHB Mark Marks
|
0-0: Called Strike 0-1: Ball 1-1: Grounds into double play, 6-4-3 (Groundball, 6, EV 92.5 MPH)
|
| Bottom of the 2nd over - 0 runs, 0 hits, 0 errors, 0 left on base; Texas 1 - Houston 0 |
| TOP OF THE 3RD |
|
Texas Rangers batting - Pitching for Houston Astros : LHP Brian Thomas
|
|
Batting: RHB Hiroshige Yamada
|
0-0: Ball 1-0: Ball 2-0: Called Strike 2-1: Ball 3-1: Swinging Strike 3-2: Base on Balls
|
|
Batting: SHB Vince Ealy
|
0-0: Called Strike 0-1: Foul Ball, location: 2F 0-2: Ball 1-2: Ball 2-2: Strikes out swinging
|
|
Batting: LHB Sean Geisler
|
0-0: Called Strike 0-1: Called Strike 0-2: Strikes out looking
|
|
Batting: RHB Marc Peckermark
|
0-0: Ball 1-0: Called Strike 1-1: Called Strike 1-2: Ball 2-2: SINGLE (Line Drive, 56D, EV 101.9 MPH) Hiroshige Yamada to second
|
|
Batting: RHB Imbart Faber
|
0-0: Called Strike 0-1: Ground out 4-3 (Groundball, 4, EV 103.1 MPH)
|
| Top of the 3rd over - 0 runs, 1 hit, 0 errors, 2 left on base; Texas 1 - Houston 0 |
| BOTTOM OF THE 3RD |
|
Houston Astros batting - Pitching for Texas Rangers : RHP Franz Holzknecht
|
|
Batting: SHB Paskar Adegoke
|
0-0: Foul Ball, location: 2F 0-1: Ball 1-1: SINGLE (Flyball, 78S, EV 95.0 MPH)
|
|
Batting: LHB Danny Wolver
|
0-0: Ball 1-0: Sac Bunt to 25 - play at first, batter OUT! 5-3 Paskar Adegoke to second
|
|
Batting: LHB Josh Corkery
|
0-0: Ball 1-0: Ball 2-0: Ball 3-0: Base on Balls
|
|
Batting: LHB Eric Katz
|
0-0: Swinging Strike 0-1: Ball 1-1: Ball 2-1: Called Strike 2-2: SINGLE (Flyball, 78S, EV 92.5 MPH) Paskar Adegoke to third Josh Corkery to second Runner from 3rd tries for Home, SAFE, throw by LF to home
|
|
Batting: LHB Jack Christie
|
0-0: Ball 1-0: Ball 2-0: Swinging Strike 2-1: Foul Ball, location: 2F 2-2: Foul Ball, location: 2F 2-2: Grounds into double play, 2-6-3 (Groundball, 13S, EV 68.8 MPH)
|
| Bottom of the 3rd over - 1 run, 2 hits, 0 errors, 1 left on base; Texas 1 - Houston 1 |
| TOP OF THE 4TH |
|
Texas Rangers batting - Pitching for Houston Astros : LHP Brian Thomas
|
|
Batting: RHB Zhao-ji Chi
|
0-0: Ball 1-0: Called Strike 1-1: Swinging Strike 1-2: Ball 2-2: Reached via error on a dropped throw from C, E3 (Groundball, 2L, EV 68.1 MPH)
|
|
Batting: RHB Masashi Yukizawa
|
0-0: Ball 1-0: Ball Zhao-ji Chi steals 2nd, throwing error, E2 Zhao-ji Chi to third 2-0: Called Strike 2-1: Foul Ball, location: 2F 2-2: Ground out 4-3 (Groundball, 4M, EV 85.0 MPH) Zhao-ji Chi scores
|
|
Batting: SHB Rich Chavez
|
0-0: Called Strike 0-1: Ball 1-1: Ball 2-1: Ball 3-1: SINGLE (Groundball, 6S, EV 75.0 MPH) (infield hit)
|
|
Batting: LHB Jake Rheaume
|
0-0: Foul Ball, location: 2F 0-1: Foul Ball, location: 2F 0-2: Strikes out swinging
|
|
Batting: RHB Hiroshige Yamada
|
0-0: Called Strike 0-1: Called Strike 0-2: Strikes out swinging, 2-3 out at first.
|
| Top of the 4th over - 1 run, 1 hit, 2 errors, 1 left on base; Texas 2 - Houston 1 |
| BOTTOM OF THE 4TH |
|
Houston Astros batting - Pitching for Texas Rangers : RHP Franz Holzknecht
|
|
Batting: LHB Bryce Hill
|
0-0: Foul Ball, location: 2F 0-1: SOLO HOME RUN (Flyball, 9LD, EV 97.5 MPH), Distance : 375 ft
|
|
Batting: LHB Mark Dearth
|
0-0: Ball 1-0: Ball 2-0: Called Strike 2-1: Called Strike 2-2: Ball 3-2: Strikes out looking
|
|
Batting: RHB Eric Chotkowski
|
0-0: Ball 1-0: Fly out, F9 (Flyball, 9D, EV 98.8 MPH)
|
|
Batting: RHB Mark Marks
|
0-0: Ground out 4-3 (Groundball, 4, EV 75.6 MPH)
|
| Bottom of the 4th over - 1 run, 1 hit, 0 errors, 0 left on base; Texas 2 - Houston 2 |
| TOP OF THE 5TH |
|
Texas Rangers batting - Pitching for Houston Astros : LHP Brian Thomas
|
|
Batting: SHB Vince Ealy
|
0-0: Foul Ball, location: 2F 0-1: Swinging Strike 0-2: Ball 1-2: Foul Ball, location: 2F 1-2: Strikes out looking
|
|
Batting: LHB Sean Geisler
|
0-0: Foul Ball, location: 2F 0-1: Foul Ball, location: 2F 0-2: Strikes out swinging
|
|
Batting: RHB Marc Peckermark
|
0-0: Ball 1-0: Ball 2-0: Ball 3-0: Called Strike 3-1: Called Strike 3-2: Foul Ball, location: 2F 3-2: Foul Ball, location: 2F 3-2: Ground out 5-3 (Groundball, 5, EV 83.8 MPH)
|
| Top of the 5th over - 0 runs, 0 hits, 0 errors, 0 left on base; Texas 2 - Houston 2 |
| BOTTOM OF THE 5TH |
|
Houston Astros batting - Pitching for Texas Rangers : RHP Franz Holzknecht
|
|
Batting: SHB Paskar Adegoke
|
0-0: Ball 1-0: Ball 2-0: Ball 3-0: Base on Balls
|
|
Batting: LHB Danny Wolver
|
0-0: Called Strike 0-1: Called Strike 0-2: SINGLE (Line Drive, 5D, EV 98.8 MPH) Paskar Adegoke to second Runner from 2nd tries for 3rd, SAFE, throw by LF made to third
|
|
Batting: LHB Josh Corkery
|
0-0: Called Strike 0-1: Called Strike 0-2: Ball 1-2: Ground out 6-3 (Groundball, 6MS, EV 66.9 MPH) Paskar Adegoke scores Danny Wolver to second
|
|
Batting: LHB Eric Katz
|
0-0: Ball 1-0: Foul Ball, location: 2F 1-1: Foul Ball, location: 2F 1-2: Fly out, F7 (Flyball, 7D, EV 100.0 MPH) Runner from 2nd tags up, SAFE at 3rd, no throw by LF
|
|
Batting: LHB Jack Christie
|
0-0: SINGLE (Line Drive, 7S, EV 89.4 MPH) Danny Wolver scores
|
|
Batting: LHB Bryce Hill
|
0-0: Ball 1-0: Ball 2-0: Foul Ball, location: 2F 2-1: Ground out 4-3 (Groundball, 4, EV 84.4 MPH)
|
| Bottom of the 5th over - 2 runs, 2 hits, 0 errors, 1 left on base; Texas 2 - Houston 4 |
| TOP OF THE 6TH |
|
Texas Rangers batting - Pitching for Houston Astros : LHP Brian Thomas
|
|
Batting: RHB Imbart Faber
|
0-0: Called Strike 0-1: Foul Ball, location: 2F 0-2: Ball 1-2: Foul Ball, location: 2F 1-2: Foul Ball, location: 2F 1-2: Foul Ball, location: 2F 1-2: DOUBLE (Line Drive, 9LD, EV 107.5 MPH)
|
|
Batting: RHB Zhao-ji Chi
|
0-0: Fly out, F6 (Popup, 6MS, EV 63.8 MPH)
|
|
Batting: RHB Masashi Yukizawa
|
0-0: Called Strike 0-1: Ball 1-1: Swinging Strike 1-2: Foul Ball, location: 2F 1-2: Ball 2-2: Foul Ball, location: 2F 2-2: Strikes out swinging
|
|
Pitching: RHP Andy Harrigan
|
|
|
Batting: SHB Rich Chavez
|
0-0: Foul Ball, location: 2F 0-1: Ball 1-1: Ball 2-1: Ball 3-1: Base on Balls
|
|
Batting: LHB Jake Rheaume
|
0-0: Swinging Strike 0-1: Ball 1-1: Called Strike 1-2: Strikes out looking
|
| Top of the 6th over - 0 runs, 1 hit, 0 errors, 2 left on base; Texas 2 - Houston 4 |
| BOTTOM OF THE 6TH |
|
Houston Astros batting - Pitching for Texas Rangers : RHP Franz Holzknecht
|
|
Batting: LHB Mark Dearth
|
0-0: Ball 1-0: Ball 2-0: Foul Ball, location: 2F 2-1: Foul Ball, location: 2F 2-2: Ground out U3 (Groundball, 3L, EV 84.4 MPH)
|
|
Batting: RHB Eric Chotkowski
|
0-0: Foul Ball, location: 2F 0-1: Ball 1-1: Foul Ball, location: 2F 1-2: Foul Ball, location: 2F 1-2: Foul Ball, location: 2F 1-2: Strikes out looking
|
|
Batting: RHB Mark Marks
|
0-0: Called Strike 0-1: Ball 1-1: Ground out 4-3 (Groundball, 4, EV 79.4 MPH)
|
| Bottom of the 6th over - 0 runs, 0 hits, 0 errors, 0 left on base; Texas 2 - Houston 4 |
| TOP OF THE 7TH |
|
Texas Rangers batting - Pitching for Houston Astros : RHP Andy Harrigan
|
|
Batting: RHB Hiroshige Yamada
|
0-0: Ball 1-0: Ball 2-0: Ball 3-0: Called Strike 3-1: SINGLE (Flyball, 6MD, EV 91.9 MPH)
|
|
Batting: SHB Vince Ealy
|
0-0: Fly out, F7 (Flyball, 78S, EV 86.2 MPH)
|
|
Batting: LHB Sean Geisler
|
0-0: Called Strike 0-1: Ball 1-1: Foul Ball, location: 2F 1-2: Ball 2-2: Ball 3-2: Base on Balls Hiroshige Yamada to second
|
|
Batting: RHB Marc Peckermark
|
0-0: Ball 1-0: Ball 2-0: Called Strike 2-1: Ball 3-1: Base on Balls Hiroshige Yamada to third Sean Geisler to second
|
|
Batting: RHB Imbart Faber
|
0-0: Swinging Strike 0-1: Ball 1-1: Ball 2-1: Foul Ball, location: 2F 2-2: Ball 3-2: Strikes out looking
|
|
Batting: RHB Zhao-ji Chi
|
0-0: Called Strike 0-1: Swinging Strike 0-2: Fly out, F8 (Flyball, 8LD, EV 101.9 MPH)
|
| Top of the 7th over - 0 runs, 1 hit, 0 errors, 3 left on base; Texas 2 - Houston 4 |
| BOTTOM OF THE 7TH |
|
Houston Astros batting - Pitching for Texas Rangers : RHP Franz Holzknecht
|
|
Batting: SHB Paskar Adegoke
|
0-0: Ground out U3 (Groundball, 3L, EV 111.9 MPH)
|
|
Batting: LHB Danny Wolver
|
0-0: Ball 1-0: SINGLE (Groundball, 56S, EV 71.2 MPH) (infield hit)
|
|
Batting: LHB Josh Corkery
|
0-0: Called Strike 0-1: Called Strike 0-2: Foul Ball, location: 2F 0-2: Ball 1-2: Foul Ball, location: 2F 1-2: Foul Ball, location: 2F 1-2: Foul Ball, location: 2F 1-2: Ball 2-2: SINGLE (Line Drive, 7S, EV 91.2 MPH) Danny Wolver to second
|
|
Pitching: RHP Mark Lopez
|
|
|
Batting: LHB Eric Katz
|
0-0: Called Strike 0-1: Fly out, F8 (Line Drive, 8LM, EV 92.5 MPH)
|
|
Batting: LHB Jack Christie
|
0-0: Ball 1-0: Ball 2-0: Called Strike 2-1: Fly out, F6 (Line Drive, 6, EV 70.0 MPH)
|
| Bottom of the 7th over - 0 runs, 2 hits, 0 errors, 2 left on base; Texas 2 - Houston 4 |
| TOP OF THE 8TH |
|
Texas Rangers batting - Pitching for Houston Astros : RHP Andy Harrigan
|
|
Pitching: RHP Josh Sandoval
|
|
|
Batting: RHB Masashi Yukizawa
|
0-0: Ball 1-0: Ball 2-0: Called Strike 2-1: Foul Ball, location: 2F 2-2: Strikes out swinging
|
|
Batting: SHB Rich Chavez
|
0-0: Ground out 6-3 (Groundball, 6, EV 99.4 MPH)
|
|
Batting: LHB Jake Rheaume
|
0-0: Ball 1-0: Foul Ball, location: 2F 1-1: Fly out, F9 (Flyball, 9D, EV 98.8 MPH)
|
| Top of the 8th over - 0 runs, 0 hits, 0 errors, 0 left on base; Texas 2 - Houston 4 |
| BOTTOM OF THE 8TH |
|
Houston Astros batting - Pitching for Texas Rangers : RHP Mark Lopez
|
|
Batting: LHB Bryce Hill
|
0-0: Fly out, F9 (Flyball, 9, EV 84.4 MPH)
|
|
Batting: LHB Mark Dearth
|
0-0: Ball 1-0: Ball 2-0: Foul Ball, location: 2F 2-1: Called Strike 2-2: Ball 3-2: Foul Ball, location: 2F 3-2: Strikes out swinging
|
|
Batting: RHB Eric Chotkowski
|
0-0: Called Strike 0-1: Called Strike 0-2: Ball 1-2: Foul Ball, location: 2F 1-2: Ball 2-2: Foul Ball, location: 2F 2-2: Fly out, F9 (Line Drive, 89D, EV 98.1 MPH)
|
| Bottom of the 8th over - 0 runs, 0 hits, 0 errors, 0 left on base; Texas 2 - Houston 4 |
| TOP OF THE 9TH |
|
Texas Rangers batting - Pitching for Houston Astros : RHP Josh Sandoval
|
|
Pitching: LHP Lance Crumpton
|
|
|
Batting: RHB Hiroshige Yamada
|
0-0: Fly out, F7 (Flyball, 7, EV 96.9 MPH)
|
|
Batting: SHB Vince Ealy
|
0-0: Ball 1-0: Ball 2-0: Fly out, F6 (Line Drive, 6, EV 70.0 MPH)
|
|
Batting: LHB Sean Geisler
|
0-0: Called Strike 0-1: Swinging Strike 0-2: Foul Ball, location: 2F 0-2: Ball 1-2: Foul Ball, location: 2F 1-2: Strikes out swinging
|
| Top of the 9th over - 0 runs, 0 hits, 0 errors, 0 left on base; Texas 2 - Houston 4 |
|